 Dungeon Crawl Stone Soup version 0.24.0-125-gc4c63601f3 (webtiles) character file.

Game seed: 12714521706303261970, levelgen mode: deterministic

89 Descartes the Grasshopper (level 4, 0/39 HPs)
             Began as a Naga Warper on Mar 4, 2020.
             Slain by an orc
             ... wielding a +0 mace
              (4 damage)
             ... on level 3 of the Dungeon.
             The game lasted 00:06:01 (3132 turns).

Descartes the Grasshopper (Naga Warper)             Turns: 3132, Time: 00:06:02

Health: 0/39       AC:  2    Str: 13    XL:     4   Next: 55%
Magic:  7/8        EV:  7    Int: 14    God:
Gold:   87         SH:  7    Dex: 11    Spells: 1/8 levels left

rFire    . . .     SeeInvis +   a - +0 spear
rCold    . . .     Gourm    .   p - +0 shield
rNeg     . . .     Faith    .   b - +0 leather armour
rPois    +         Spirit   .   (no helmet)
rElec    .         Reflect  .   (no cloak)
rCorr    .         Harm     .   (no gloves)
MR       .....                  (no barding)
Stlth    ++........             l - amulet of the acrobat
HPRegen  0.13/turn              v - ring of flight
MPRegen  0.11/turn              (no ring)

@: very slow
A: large, see invisible, deformed body, poison resistance, slowness 2, slow
metabolism 1, spit poison 1, AC +1
a: Spit Poison, Evoke Flight


You were on level 3 of the Dungeon.
You were hungry.

You visited 1 branch of the dungeon, and saw 3 of its levels.

You collected 87 gold pieces.

Inventory:

Hand Weapons
 a - a +0 spear (weapon)
 s - a +0 quarterstaff
Missiles
 e - 5 boomerangs of dispersal (quivered)
 h - 99 stones
 m - 21 poisoned darts
 n - 28 arrows
 t - 3 large rocks
Armour
 b - a +0 leather armour (worn)
 p - a +0 shield (worn)
Jewellery
 l - an amulet of the acrobat (around neck)
 v - a ring of flight (left hand)
Scrolls
 c - a scroll of noise {unknown}
 d - a scroll of blinking
 g - a scroll of enchant armour {unknown}
 j - 3 scrolls of teleportation {unknown}
 o - a scroll of magic mapping {unknown}
 q - 2 scrolls of remove curse {unknown}
 r - 2 scrolls of identify {unknown}
 w - a scroll of fear {unknown}
Potions
 i - a potion of mutation {unknown}
 k - a potion of curing {unknown}
 u - a potion of resistance {unknown}
 x - 2 potions of heal wounds {unknown}
 z - a potion of flight {unknown}
Comestibles
 f - 3 rations


   Skills:
 - Level 2.0 Fighting
 - Level 2.0 Polearms
 - Level 0.8 Throwing
 + Level 1.1 Armour
 - Level 1.5 Dodging
 + Level 2.9 Stealth
 * Level 1.0 Shields
 + Level 2.7 Spellcasting
 + Level 1.1 Charms
 + Level 3.3 Translocations


You had one spell level left.
You knew the following spells:

 Your Spells              Type           Power        Failure   Level  Hunger
a - Blink                 Tloc           N/A          52%         2    ###....
b - Shroud of Golubria    Chrm/Tloc      #.....       67%         2    ###....
c - Teleport Other        Tloc           ##......     75%         3    ###....

Your spell library contained the following spells:

 Spells                   Type           Power        Failure   Level  Hunger
 Gell's Gravitas          Tloc           ##........   75%         3    ###....
 Lesser Beckoning         Tloc           ##........   75%         3    ###....
 Passage of Golubria      Tloc           N/A          98%         4    #####..


Dungeon Overview and Level Annotations

Branches:
Dungeon (3/15)

Altars:


Innate Abilities, Weirdness & Mutations

You cannot wear boots.
Your serpentine skin is tough. (AC +1)
You have supernaturally acute eyesight. (SInv)
Armour fits poorly on your strangely shaped body.
Your system is resistant to poisons. (rPois)
You cover ground very slowly.
You have a slow metabolism.
You can spit poison.


Message History

Your magical contamination has completely faded away.
You hit the orc but do no damage. The orc hits you with a +0 mace.
* * * LOW HITPOINT WARNING * * *
The orc wizard mumbles some strange words.
The orc wizard blinks!
The orc barely misses you.
You hit the orc.
The orc is lightly wounded.
The orc hits you with a +0 mace.
* * * LOW HITPOINT WARNING * * *
You hit the orc.
The orc is moderately wounded.
You feel yourself speed up. The orc barely misses you.
You closely miss the orc.
The orc is moderately wounded.
You block the orc's attack.
You barely miss the orc.
The orc is moderately wounded.
The orc hits you with a +0 mace.
You die...

... #.# ### ..# ..# .. #.#
#.# #########.##.# #.#
.....o.....#.# #.#
#.......#..#.# #.#
#...!...#..#@# #.#########
#.......#..#o######..........
#.....o.##.#o#.............#.
#.......##..o#.###########.#.
......o?##...#......... #.#.
.............#..######. #.#.
...#######..>#..###.##. #.#.
. #.#.#......##.###.#.
#.#.##.###.# ...#.#.


You could see an orc wizard and 2 orcs.

Vanquished Creatures
  2 adders (D:3)
  An ooze (D:1)
  A worm (D:2)
  2 dart slugs
  A leopard gecko (D:3)
  An orc (D:3)
  7 bats
  A giant cockroach (D:2)
  8 goblins
  5 hobgoblins
  10 jackals
  5 kobolds
  A quokka (D:3)
  A ball python (D:1)
  3 frilled lizards
  5 rats
54 creatures vanquished.

Notes
Turn   | Place    | Note
-------+----------+-------------------------------------------
     0 | D:1      | Descartes the Naga Warper began the quest for the Orb.
     0 | D:1      | Reached XP level 1. HP: 19/19 MP: 3/3
    12 | D:1      | Reached skill level 1 in Stealth
    42 | D:1      | Reached XP level 2. HP: 24/26 MP: 5/5
    60 | D:1      | Learned a level 2 spell: Blink
    63 | D:1      | Learned a level 2 spell: Shroud of Golubria
   743 | D:1      | Reached XP level 3. HP: 29/32 MP: 6/6
   828 | D:1      | Learned a level 3 spell: Teleport Other
  1167 | D:2      | Reached skill level 1 in Charms
  2005 | D:2      | Reached XP level 4. HP: 32/39 MP: 8/8
  2216 | D:2      | Reached skill level 1 in Armour
  3101 | D:3      | Reached skill level 1 in Shields
  3132 | D:3      | Slain by an orc

Levels and vault maps discovered:
D:1:      minmay_arrival_arboretum_small, layout_loops_ring, minmay_tromino_mix6
D:2:      layout_loops_cross
D:3:      layout_basic, cheibriados_altar_1

Skill      XL: |  1  2  3  4 |
---------------+-------------+-----
Stealth        | 1 2 |  2.9
Charms         | 1 |  1.1
Armour         | 1 |  1.1
Shields        | 1 |  1.0
Fighting       | |  2.0
Polearms       | |  2.0
Throwing       | |  0.8
Dodging        | |  1.5
Spellcasting   | |  2.7
Translocations | |  3.3

Action                   |  1- 3 |  4- 6 || total
-------------------------+-------+-------++-------
Melee: Spear             |   195 |    93 ||   288
 Cast: Blink             |     2 |     1 ||     3
       Shroud of Golubri |     1 |       ||     1
 Abil: Spit Poison       |       |     1 ||     1
 Stab: Sleeping          |     4 |     2 ||     6
  Eat: Chunk             |     3 |     2 ||     5
Armor: Leather armour    |    46 |    14 ||    60
Dodge: Dodged            |    77 |    21 ||    98
Block: Shield            |    28 |    22 ||    50
